 Dungeon Crawl Stone Soup version 0.19.4 (webtiles) character file.

375 Jerry the Shield-Bearer (level 7, -3/52 HPs)
             Began as a Formicid Fighter on Feb 5, 2017.
             Was an Initiate of Kikubaaqudgha.
             Slain by Pikel
             ... wielding a +2 whip of freezing
              (4 damage)
             ... on level 4 of the Dungeon.
             The game lasted 00:09:12 (4850 turns).

Jerry the Shield-Bearer (Formicid Fighter)          Turns: 4850, Time: 00:09:12

Health: -3/52      AC:  8    Str: 26    XL:     7   Next: 3%
Magic:  16/16      EV: 10    Int:  9    God:    Kikubaaqudgha [......]
Gold:   189        SH:  0    Dex: 10    Spells: 0 memorised, 6 levels left

rFire  . . .     SeeInvis +     a - +0 war axe
rCold  . . .     Gourm    .     b - +0 scale mail
rNeg   . . .     Faith    .     (no shield)
rPois  .         Spirit   .     (helmet unavailable)
rElec  .         Reflect  .     (no cloak)
rCorr  .         Harm     .     (no gloves)
MR     .....                    x - +0 pair of boots
Stlth  ..........               (no amulet)
                                (no ring)
                                v - ring of magical power

@: mighty
A: permanent stasis, dig shafts and tunnels, four strong arms, antennae 3
a: Dig, Shaft Self, Renounce Religion


You were on level 4 of the Dungeon.
You worshipped Kikubaaqudgha.
Kikubaaqudgha was noncommittal.
You were not hungry.

You visited 1 branch of the dungeon, and saw 4 of its levels.

You collected 189 gold pieces.

Inventory:

Hand Weapons
 a - a +0 war axe (weapon)
Armour
 b - a +0 scale mail (worn)
 c - a +0 shield
 x - a +0 pair of boots (worn)
Jewellery
 v - a ring of magical power (left hand)
Scrolls
 e - a scroll of random uselessness {unknown}
 i - a scroll of remove curse {unknown}
 k - 3 scrolls of blinking {unknown}
 n - a scroll of enchant weapon {unknown}
 q - a scroll of magic mapping {unknown}
 r - a scroll of fog {unknown}
 u - 2 scrolls of enchant armour {unknown}
 y - a scroll of teleportation {unknown}
 B - a scroll of noise {unknown}
Potions
 g - a potion of magic {unknown}
 j - a potion of agility {unknown}
 l - 2 potions of degeneration {unknown}
 o - 2 potions of flight {unknown}
 p - a potion of brilliance {unknown}
 s - a potion of beneficial mutation {unknown}
 w - a potion of curing
Comestibles
 f - 6 bread rations
 h - 3 meat rations
 m - 3 fruits
 t - 2 beef jerkies
 z - 4 chunks of flesh
 A - a slice of pizza


   Skills:
 - Level 3.2 Fighting
 * Level 4.9 Axes
 + Level 5.0 Armour
 + Level 5.4 Shields


You had 6 spell levels left.
You didn't know any spells.

Dungeon Overview and Level Annotations

Branches:
Dungeon (4/15)
 Temple: D:4-7

Altars:
Kikubaaqudgha
Zin

Annotations:
D:4 Pikel


Innate Abilities, Weirdness & Mutations

You are under a permanent stasis effect.
You can dig through walls and to a lower floor.
Your four strong arms can wield two-handed weapons with a shield.
You have a pair of large antennae on your head. (SInv)


Message History

Pikel is lightly wounded.
Pikel hits you with a whip of freezing.
* * * LOW HITPOINT WARNING * * *
Pikel freezes you.
* * * LOW HITPOINT WARNING * * *
You hit Pikel.
Pikel is moderately wounded.
Pikel hits you but does no damage.
You barely miss Pikel.
Pikel is moderately wounded.
Pikel completely misses you.
You slash Pikel!
Pikel is heavily wounded.
Pikel hits you with a whip of freezing!
* * * LOW HITPOINT WARNING * * *
Pikel freezes you.
* * * LOW HITPOINT WARNING * * *
Pikel hits you with a whip of freezing.
You die...
Kikubaaqudgha rasps: "You have failed me!
Welcome... death!"

#.# #.###########
#............
#..##.####### #
########..##.####
#...........####..##
...######.## #....#
.#!##p######.####.⌠._# #
....ppK@...>...#.....###
##.##p########.#....###.
# #.'...8# ## ###....##
# #.....# ##.⌠._# #..).#
##..## ####


You could see Pikel and 4 slaves.

Vanquished Creatures
  The ghost of Raymar the Magician, an amateur HEWz of Sif Muna (D:3)
  A hound (D:4)
  A jelly (D:3)
  An orc priest (D:4)
  3 gnolls
  6 adders
  2 oozes (D:1)
  An adder skeleton (D:4)
  A worm (D:3)
  2 dart slugs (D:1)
  3 leopard geckos
  9 orcs
  A ball python (D:1)
  4 giant cockroaches
  8 goblins
  8 hobgoblins
  12 jackals
  4 quokkas
  13 bats
  4 frilled lizards
  8 kobolds
  7 rats
100 creatures vanquished.

Notes
Turn   | Place    | Note
-------+----------+-------------------------------------------
     0 | D:1      | Jerry the Formicid Fighter began the quest for the Orb.
     0 | D:1      | Reached XP level 1. HP: 18/18 MP: 1/1
    53 | D:1      | Reached XP level 2. HP: 24/24 MP: 2/2
   329 | D:1      | Reached XP level 3. HP: 16/29 MP: 3/3
  1385 | D:2      | Reached XP level 4. HP: 23/35 MP: 4/4
  2565 | D:2      | Reached XP level 5. HP: 36/41 MP: 5/5
  2937 | D:2      | HP: 2/41 [gnoll (3)]
  3692 | D:3      | Noticed Raymar's ghost (amateur HEWz)
  3707 | D:3      | Reached skill level 5 in Shields
  3723 | D:3      | Killed Raymar's ghost
  3723 | D:3      | Reached XP level 6. HP: 34/47 MP: 6/6
  4629 | D:4      | Reached skill level 5 in Armour
  4719 | D:4      | Reached XP level 7. HP: 44/52 MP: 7/7
  4809 | D:4      | Found a glowing silver altar of Zin.
  4810 | D:4      | Found an ancient bone altar of Kikubaaqudgha.
  4824 | D:4      | Became a worshipper of Kikubaaqudgha
  4835 | D:4      | Noticed Pikel
  4850 | D:4      | HP: 1/52 [Pikel/whip of freezing (3)]
  4850 | D:4      | Slain by Pikel

Skill      XL: |  1  2  3  4  5  6 |
---------------+-------------------+-----
Shields        | 4 5 |  5.4
Axes           | 3 4 |  4.9
Armour         | 4 5 |  5.0
Fighting       | |  3.2

Action                   |  1- 3 |  4- 6 |  7- 9 || total
-------------------------+-------+-------+-------++-------
Melee: War axe           |   103 |   260 |    22 ||   385
 Abil: Dig               |       |     1 |       ||     1
  Use: Potion            |       |       |     1 ||     1
  Eat: Chunk             |     2 |    11 |       ||    13
Armor: Scale mail        |    61 |   176 |    11 ||   248
Dodge: Dodged            |    75 |   171 |     6 ||   252
Block: Shield            |    10 |       |       ||    10
